 Dungeon Crawl Stone Soup version 0.20.1-1-g8b1a95d (webtiles) character file.

27 Gargoyl the Skirmisher (level 2, 16/28 HPs)
             Began as a Minotaur Abyssal Knight on Aug 11, 2017.
             Was an Initiate of Lugonu.
             Quit the game on level 1 of the Dungeon.
             The game lasted 00:00:24 (38 turns).

Gargoyl the Skirmisher (Minotaur Abyssal Knight)      Turns: 38, Time: 00:00:25

Health: 16/28      AC:  3    Str: 16    XL:     2   Next: 93%
Magic:  1/2        EV: 11    Int: 11    God:    Lugonu [......]
Gold:   0          SH:  0    Dex:  9    Spells: 1/1 levels left

rFire    . . .     SeeInvis .   a - +1 hand axe
rCold    . . .     Gourm    .   (no shield)
rNeg     . . .     Faith    .   b - +0 leather armour
rPois    .         Spirit   .   (helmet restricted)
rElec    .         Reflect  .   (no cloak)
rCorr    .         Harm     .   (no gloves)
MR       .....     Rnd*Tele +   (no boots)
Stlth    +.........             (no amulet)
Regen    0.1/turn               d - +2 ring of intelligence (curse)
MPRegen  0.1/turn               (no ring)

@: no status effects
A: retaliatory headbutt, horns 2, [deterioration 2], [teleportitis 2], [no
potion heal 2]
a: Renounce Religion


You were on level 1 of the Dungeon.
You worshipped Lugonu.
Lugonu was noncommittal.
You were not hungry.

You visited 1 branch of the dungeon, and saw 1 of its levels.
You visited the Abyss 1 time.

Inventory:

Hand Weapons
 a - a +1 hand axe (weapon)
Armour
 b - a +0 leather armour (worn)
Jewellery
 d - a cursed +2 ring of intelligence (left hand)
Comestibles
 c - a bread ration


   Skills:
 + Level 4.7 Fighting
 + Level 2.7 Axes
 + Level 2.6 Armour
 + Level 1.1 Dodging
 + Level 1.8 Invocations


You had one spell level left.
You didn't know any spells.

Dungeon Overview and Level Annotations

Branches:
Dungeon (1/15)

Altars:


Innate Abilities, Weirdness & Mutations

You reflexively headbutt those who attack you in melee.
You have a pair of horns on your head.
[Your body often deteriorates upon taking damage.]
[You are sometimes teleported next to monsters.]
[Potions are poor at restoring your health.]


Message History

The anaconda moves out of view.
The shadow demon hits you! The floating eye's view fixates on you.
The shadow demon closely misses you.
You see here a copper ring.
d - a copper ring The white ugly thing basks in the mutagenic energy from its kin and changes!
The shadow demon hits you.
The wretched star pulses with an eldritch light!
You feel weirdly uncertain.
You feel even more weirdly uncertain.
You feel yourself wasting away.
You feel your body start to fall apart.
The shadow demon gestures.
The white ugly thing basks in the mutagenic energy from its kin and changes!
A floating eye and a tentacled starspawn come into view.
You pass through the gate.
You can no longer depart the Abyss at will.
There is a staircase leading out of the dungeon here.
You feel clever.
Oops, that ring feels deathly cold.
d - a cursed +2 ring of intelligence (left hand) Are you sure you want to abandon this character and quit the game? (Confirm with "yes".)

#+#+#
#...#
+.@.+
#...#
#+#+#


There were no monsters in sight!

Vanquished Creatures
  An iron imp (Abyss:2)
1 creature vanquished.

Notes
Turn   | Place    | Note
-------+----------+-------------------------------------------
     0 | Abyss:1  | Gargoyl the Minotaur Abyssal Knight began the quest for the Orb.
     0 | Abyss:1  | Reached XP level 1. HP: 19/19 MP: 1/1
    10 | Abyss:2  | Found a corrupted altar of Lugonu.
    16 | Abyss:2  | Noticed an iron imp
    20 | Abyss:2  | Killed an iron imp
    20 | Abyss:2  | Reached skill level 4 in Fighting
    20 | Abyss:2  | Reached XP level 2. HP: 28/28 MP: 2/2
    29 | Abyss:2  | Noticed a white ugly thing
    30 | Abyss:2  | Noticed a brown ugly thing
    30 | Abyss:2  | Noticed a white ugly thing
    30 | Abyss:2  | Noticed a shadow demon
    30 | Abyss:2  | Noticed a wretched star
    31 | Abyss:2  | Noticed a large abomination
    33 | Abyss:2  | Noticed a chaos spawn
    33 | Abyss:2  | Noticed a floating eye
    33 | Abyss:2  | Noticed a shadow demon
    34 | Abyss:2  | Noticed an anaconda
    36 | Abyss:2  | Noticed a tentacled starspawn
    36 | Abyss:2  | Noticed a floating eye
    36 | Abyss:2  | Noticed a small abomination
    36 | D:1      | Escaped the Abyss
    38 | D:1      | Quit the game

Skill      XL: |  1 |
---------------+----+-----
Fighting       | 4 |  4.7
Axes           | |  2.7
Armour         | |  2.6
Dodging        | |  1.1
Invocations    | |  1.8

Action                   || total
-------------------------++-------
Melee: Hand axe          ||     1
       Headbutt          ||     1
Invok: Depart the Abyss  ||     1
Dodge: Dodged            ||     4
